 Dungeon Crawl Stone Soup version 0.28.0 (webtiles) character file.

Game seed: 11704701439149432482

226 GrayStillPlays the Skirmisher (level 5, -3/42 HPs)
             Began as a Demonspawn Fighter on Feb 17, 2022.
             Killed from afar by Ijyb (18 damage)
             ... with a bolt of acid
             ... on level 4 of the Dungeon.
             The game lasted 00:03:36 (2219 turns).

GrayStillPlays the Skirmisher (Demonspawn Fighter)  Turns: 2219, Time: 00:03:36

Health: -3/42      AC:  9    Str: 19    XL:     5   Next: 69%
Magic:  0/5        EV:  9    Int:  9    God:
Gold:   152        SH:  4    Dex: 12    Spells: 4/4 levels left

rFire   . . .      SeeInvis .   a - +0 war axe {axe}
rCold   . . .      Faith    .   c - +0 buckler
rNeg    . . .      Spirit   +   b - +0 scale mail
rPois   .          Reflect  .   (helmet restricted)
rElec   .          Harm     .   (no cloak)
rCorr   .          Rampage  .   (no gloves)
Will    .....                   (no boots)
Stlth   ..........              j - amulet of guardian spirit
HPRegen 0.14/turn               (no ring)
MPRegen 0.09/turn               (no ring)

@: no status effects
A: antennae 1, slimy green scales 1, spiny 1
a: no special abilities


You were on level 4 of the Dungeon.
You visited 1 branch of the dungeon, and saw 4 of its levels.

You collected 152 gold pieces.


Innate Abilities, Weirdness & Mutations

You have a pair of small antennae on your head.
You are partially covered in slimy green scales. (AC +2)
You are partially covered in sharp spines.


   Skills:
 + Level 4.1 Fighting
 + Level 3.1 Axes
 + Level 3.7 Armour
 + Level 3.7 Shields


You had 4 spell levels left.
You didn't know any spells.
Your spell library contained the following spells:

 Spells                   Type           Power      Damage    Failure   Level
 Confusing Touch          Hex            0%         N/A       99%         3
 Yara's Violent Unravell  Hex/Tmut       0%         3d3       100%        5
 Enfeeble                 Hex            0%         N/A       100%        7

Inventory:

Hand Weapons
 a - a +0 war axe (weapon) {axe}
 s - a +0 dagger of draining {short}
   (You took it off a goblin on level 3 of the Dungeon)
Missiles
 f - 45 arrows
 g - 8 poisoned darts (quivered) {throwing}
 l - 48 stones {throwing}
Armour
 b - a +0 scale mail (worn)
 c - a +0 buckler (worn)
 n - a +0 helmet
   (You found it on level 2 of the Dungeon)
Magical Staves
 q - a staff of cold {!astaff}
   (You found it on level 3 of the Dungeon)
Jewellery
 j - an amulet of guardian spirit (around neck)
   (You found it on level 2 of the Dungeon)
Scrolls
 e - 2 scrolls of enchant armour {unknown}
 h - 2 scrolls of blinking {unknown}
 k - 2 scrolls of vulnerability {unknown}
 o - 2 scrolls of identify {unknown}
 p - a scroll of magic mapping {unknown}
 r - a scroll of immolation {unknown}
Potions
 d - a potion of might
 i - a potion of invisibility {unknown}
 m - a potion of berserk rage {unknown}

Dungeon Overview and Level Annotations

Branches:
Dungeon (4/15)
 Temple: D:4-7

Altars:

Shops:
D:1 [(**:   D:3 ?

Annotations:
D:3 1 runed translucent door, trashops's ghost, amateur HOFi
D:4 Ijyb

### ..##
######.. ....
#......# ....
#......# ...#
#......#..#.##
#......#......
#...........##
#.....Z......#
#...)@g......#
........#.....(#
.......(#......#
................
........###.####
#####.... ..
#.... ... #....


You could see Ijyb and a hound skeleton.


Message History

There is a broken door, spattered with blood here.
s - a +0 dagger of draining {short}
There is an open door, spattered with blood here.
Items here: ))) ††. 😎 HP[+1] MP[+1]
Your hp is fully restored (42).
Your mp is fully restored (5).
You see here a +0 club {mace}.
You open the door.
There is an open door here.
You now have 113 gold pieces (gained 16).
You now have 130 gold pieces (gained 17).
You now have 134 gold pieces (gained 4).
You now have 139 gold pieces (gained 5).
There is an open door here.
You see here a +0 club {mace}.
There is an open door, spattered with blood here.
Items here: ))) ††.
Key pressed, stopping explore.
There is an open door here.
Key pressed, stopping explore.
Key pressed, stopping explore.
You now have 152 gold pieces (gained 13).
Key pressed, stopping explore.
Key pressed, stopping explore.
Key pressed, stopping explore.
Key pressed, stopping explore.
Key pressed, stopping explore.
As you open the door, it creaks loudly!
There is an open door here.
Key pressed, stopping explore.
Key pressed, stopping explore.
You see here a +0 mace {mace}.
The adder hisses angrily.
Trashops's ghost turns its malevolent gaze towards you.
Could not explore, unopened runed door.
Could not explore, unopened runed door.
Could not explore, unopened runed door.
There is a stone staircase leading down here.
You climb downwards.
Ijyb shouts!
The centaur shouts!
The ball python hisses angrily.
There is a stone staircase leading up here.
The centaur barely misses you. x2
You hit the centaur. You slash the ball python!
You kill the ball python!
The centaur hits you but does no damage.
The centaur kicks you but does no damage.
You block the centaur's attack.
The centaur kicks you but does no damage.
You hit the centaur.
The centaur hits you but does no damage.
The centaur kicks you but does no damage.
You block the centaur's attack. The centaur kicks you. 😕 HP[-1]
You take 1 damage, and now have 41/42 hp.
You slash the centaur! You barely miss Ijyb. The centaur closely misses you.
The centaur kicks you.
A hound skeleton comes into view.
Ijyb is struck by your spines.
Ijyb hits you with a +7 antimagic dagger!
You feel your power leaking away. You block the centaur's attack.
The centaur barely misses you. 😕 HP[-8] MP[-4]
You take 8 damage, and now have 33/42 hp.
You lost 4 mp, and now have 1/5 mp.
You hit the centaur but do no damage. You hit the quokka but do no damage.
You closely miss Ijyb. You block the centaur's attack. The centaur kicks you.
The quokka is struck by your spines. The quokka barely misses you.
Ijyb hits you with a +7 antimagic dagger.
You feel your power leaking away. The quokka barely misses you.
The centaur is struck by your spines.
The centaur hits you but does no damage.
The centaur closely misses you.
Ijyb hits you with a +7 antimagic dagger. 😮 HP[-8] MP[-1]
You take 8 damage, and now have 25/42 hp.
You lost 1 mp, and now have 0/5 mp.
You hit the centaur.
You kill the centaur!
You hit the quokka.
You kill the quokka!
You hit Ijyb. You block Ijyb's attack.
Your Fighting skill increases to level 4!
Your Axes skill increases to level 3!
You hit the hound skeleton. You hit Ijyb but do no damage.
The hound skeleton is struck by your spines.
The hound skeleton barely misses you. Ijyb is struck by your spines.
Ijyb hits you with a +7 antimagic dagger!
* * * LOW HITPOINT WARNING * * *
The hound skeleton is struck by your spines.
The hound skeleton bites you but does no damage.
Ijyb hits you but does no damage. 😨 HP[-7]
You take 7 damage, and now have 18/42 hp.
You closely miss the hound skeleton. You closely miss Ijyb.
The hound skeleton is struck by your spines.
The hound skeleton bites you.
* * * LOW HITPOINT WARNING * * *
Ijyb zaps a wand.
The bolt of acid hits you!!
You die...

Skill      XL: |  1  2  3  4  5 |
---------------+----------------+-----
Axes           | 2 3 |  3.1
Shields        | 3 |  3.7
Armour         | 3 |  3.7
Fighting       | 4 |  4.1

Action                   |  1- 3 |  4- 6 || total
-------------------------+-------+-------++-------
Melee: War axe           |    70 |    61 ||   131
Armor: Scale mail        |    39 |    29 ||    68
Dodge: Dodged            |    26 |    27 ||    53
Block: Buckler           |    13 |    15 ||    28

Levels and vault maps discovered:
D:1:      roderic_octagonal_star, layout_loops_cross,
          hellmonk_ecumenical_altar_dog_temple, serial_shops,
          nicolae_shop_waterfront, shop, nicolae_shop_behind_doors, shop, shop
D:2:      layout_basic, serial_bayou_pond_d
D:3:      cheibrodos_greedy_goblins, layout_basic, serial_shops, shop,
          ebering_ghost_sewer_d
D:4:      layout_rooms, uniq_ijyb

Notes
Turn   | Place    | Note
-------+----------+-------------------------------------------
     0 | D:1      | GrayStillPlays the Demonspawn Fighter began the quest for
                  | the Orb.
     0 | D:1      | Reached XP level 1. HP: 18/18 MP: 1/1
     0 | D:1      | magus.rc [v1.9.6]
   244 | D:1      | Found Zemong's Antique Armour Boutique.
   265 | D:1      | Reached skill level 2 in Axes
   267 | D:1      | Gained mutation: You are partially covered in sharp spines.
                  | [demonic ancestry]
   267 | D:1      | Reached XP level 2. HP: 20/24 MP: 2/2
   318 | D:1      | Found a faded altar of an unknown god.
   346 | D:1      | You pick up a book of Misfortune and begin reading...
   346 | D:1      | You add the spells Confusing Touch, Yara's Violent
                  | Unravelling and Enfeeble to your library.
   440 | D:1      | Reached skill level 3 in Shields
   492 | D:1      | Found Kistuxeo's Weapon Emporium.
   500 | D:1      | Reached skill level 3 in Armour
   518 | D:1      | Found Zaiwn's Assorted Antiques.
   548 | D:1      | Found Cihapp's General Store.
   605 | D:1      | Found Siohomo's Book Shop.
   669 | D:1      | Gained mutation: You are partially covered in slimy green
                  | scales. (AC +2) [demonic ancestry]
   669 | D:1      | Reached XP level 3. HP: 29/29 MP: 3/3
   963 | D:2      | Reached XP level 4. HP: 34/35 MP: 4/4
  1444 | D:3      | Found a runed translucent door.
  1449 | D:3      | Noticed trashops's ghost (amateur HOFi)
  1880 | D:3      | Found Icurphy's Magic Scroll Boutique.
  2001 | D:3      | Gained mutation: You have a pair of small antennae on your
                  | head. [demonic ancestry]
  2001 | D:3      | Reached XP level 5. HP: 42/42 MP: 5/5
  2211 | D:4      | Noticed Ijyb
  2211 | D:4      | Noticed a centaur
  2217 | D:4      | Killed a centaur
  2218 | D:4      | Reached skill level 4 in Fighting
  2218 | D:4      | Reached skill level 3 in Axes
  2219 | D:4      | Killed from afar by Ijyb

Vanquished Creatures
  A centaur (D:4)
  5 adders
  A worm (D:3)
  3 dart slugs (D:1)
  An orc (D:3)
  8 ball pythons
  11 endoplasms
  A giant cockroach (D:1)
  10 goblins
  11 hobgoblins
  7 jackals
  5 kobolds
  4 quokkas
  6 bats
  4 frilled lizards
  6 rats
84 creatures vanquished.

Table legend:
 A = Non-vault XP
 B = Vault XP
 C = Vault XP percentage of total XP
 D = Non-vault monster count
 E = Vault monster count
 F = Vault count percentage of total count
                 A         B        C        D         E       F
            +---------+---------+-------+---------+---------+-------
      Total |     298 |      26 |   8.0 |      71 |      13 |  15.5
            +---------+---------+-------+---------+---------+-------
        D:1 |      47 |       6 |  11.3 |      23 |       3 |  11.5
        D:2 |      66 |       0 |   0.0 |      26 |       0 |   0.0
        D:3 |      70 |      20 |  22.2 |      19 |      10 |  34.5
        D:4 |     115 |       0 |   0.0 |       3 |       0 |   0.0
            +---------+---------+-------+---------+---------+-------

Illustrated notes

Table legend:
 A = Kills in this place as a percentage of kills in entire the game.
 B = Kills by you in this place as a percentage of kills by you in the entire game.
 C = Kills by friends in this place as a percentage of kills by friends in the entire game.
 D = Other kills in this place as a percentage of other kills in the entire game.
 E = Experience gained in this place as a percentage of experience gained in the entire game.
 F = Experience gained in this place divided by the number of levels of this place that you have seen.
                   A       B       C       D       E      F
               +-------+-------+-------+-------+-------+----------------------
         Total | 100.0 | 100.0 |   N/A |   N/A | 100.0 |  81.0
       Dungeon | 100.0 | 100.0 |   N/A |   N/A | 100.0 |  81.0
               +-------+-------+-------+-------+-------+----------------------

Table legend: (Time is in decaauts)
 A = Elapsed time spent in this place.
 B = Non-inter-level travel time spent in this place.
 C = Inter-level travel time spent in this place.
 D = Time resting spent in this place.
 E = Time spent auto-exploring this place.
 F = Levels seen in this place.
 G = Mean time per level.
                   A        B        C        D        E       F      G
               +--------+--------+--------+--------+--------+-----+--------+
         Total |   2273 |   2235 |     38 |      0 |   1842 |   4 |  568.2 |
       Dungeon |   2273 |   2235 |     38 |      0 |   1842 |   4 |  568.2 |
               +--------+--------+--------+--------+--------+-----+--------+

Top non-repeatable levels by time:
     D:1: 899 daAuts
     D:3: 861 daAuts
     D:2: 502 daAuts
     D:4: 10 daAuts
